 Dungeon Crawl Stone Soup version 0.28.0 (webtiles) character file.

Game seed: 9157075653296088027

178 Alacron the Covered (level 5, -6/47 HPs)
             Began as a Minotaur Fighter on Feb 16, 2022.
             Killed from afar by Sigmund (10 damage)
             ... with a puff of flame
             ... on level 2 of the Dungeon.
             The game lasted 00:03:56 (1637 turns).

Alacron the Covered (Minotaur Fighter)              Turns: 1637, Time: 00:03:57

Health: -6/47      AC:  7    Str: 23    XL:     5   Next: 32%
Magic:  4/4        EV:  9    Int:  5    God:
Gold:   82         SH:  4    Dex:  9    Spells: 4/4 levels left

rFire   . . .      SeeInvis .   g - +2 short sword (speed)
rCold   . . .      Faith    .   c - +0 buckler
rNeg    . . .      Spirit   .   b - +0 scale mail
rPois   .          Reflect  .   (helmet restricted)
rElec   .          Harm     .   (no cloak)
rCorr   .          Rampage  .   (no gloves)
Will    .....                   (no boots)
Stlth   ..........              (no amulet)
HPRegen 0.15/turn               (no ring)
MPRegen 0.09/turn               (no ring)

@: no status effects
A: horns 2, retaliatory headbutt
a: no special abilities


You were on level 2 of the Dungeon.
You visited 1 branch of the dungeon, and saw 2 of its levels.

You collected 82 gold pieces.

Inventory:

Hand Weapons
 a - a +0 trident
 g - a +2 short sword of speed (weapon)
Armour
 b - a +0 scale mail (worn)
 c - a +0 buckler (worn)
Jewellery
 h - a ring of protection from fire
 l - a +4 ring of evasion
Wands
 i - a wand of charming (6)
Scrolls
 e - a scroll of vulnerability {unknown}
 j - a scroll of fear {unknown}
 m - a scroll of silence {unknown}
Potions
 d - a potion of might
 f - a potion of curing {unknown}
 k - a potion of haste {unknown}


   Skills:
 + Level 4.8 Fighting
 - Level 1.0 Short Blades
 - Level 4.1 Polearms
 * Level 4.9 Armour
 - Level 0.4 Dodging
 - Level 4.1 Shields


You had 4 spell levels left.
You didn't know any spells.
Your spell library contained the following spells:

 Spells                   Type           Power      Damage    Failure   Level
 Animate Skeleton         Necr           0%         N/A       86%         1
 Pain                     Necr           0%         1d4       86%         1
 Vampiric Draining        Necr           0%         2d6       99%         3


Dungeon Overview and Level Annotations

Branches:
Dungeon (2/15)

Altars:

Shops:
D:1 (

Annotations:
D:2 Sigmund


Innate Abilities, Weirdness & Mutations

You have a pair of horns on your head.
You reflexively headbutt those who attack you in melee.


Message History

Sigmund the Dreaded comes into view.
He is wielding a +0 scythe.
Sigmund shouts!
Sigmund casts a spell at you.
You are confused.
A rat comes into view.
You are too confused!
You are too confused!
You are too confused!
There are monsters nearby!
You bump into the rock wall.
Sigmund gestures wildly while chanting.
Sigmund flickers and vanishes!
Deactivating autopickup; reactivate with Ctrl-A.
You're too confused to move!
Something hits you!
You're too confused to move!
Something hits you!
You feel less confused.
You hit something but do no damage. Your headbutt misses something.
You hear some strange, mumbled words.
Something tries to affect you, but you resist.
You barely miss something. Something hits you.
You hit something. You completely miss something. Something hits you!
You miss something. You closely miss something. Your headbutt misses something.
You hear some strange, mumbled words.
Something tries to affect you, but you resist.
You closely miss something. Something hits you.
You miss something. You hit something. Your headbutt misses something.
Something hits you.
You miss something. Your headbutt misses something. You miss something.
Something hits you!
* * * LOW HITPOINT WARNING * * *
You hit something. Your headbutt misses something. You closely miss something.
Something hits you.
* * * LOW HITPOINT WARNING * * *
A puff of flame appears from out of thin air!
The puff of flame hits you!
You die...

#......#....#.######.##
#..#.#.#.####.######.##
#......#.# #..........
#.##.....# #..#####.##
#......#######.# #..<##
####..†........###.....
#.###########...<...
#.............#.....
#..@#######...#.....
###.## #...###.## #..#
#..####># ##{#
#.......# #r# ##...####
#.# #...# #.# #...# #.#
#...# #.. #...#


You could see a rat.

Vanquished Creatures
  Natasha (thrice) (D:2)
  Robin (D:2)
  3 adders (D:2)
  A worm (D:2)
  A dart slug (D:2)
  6 endoplasms
  3 giant cockroaches
  14 goblins
  4 hobgoblins
  2 quokkas (D:2)
  2 ball pythons
  7 bats
  8 frilled lizards
  4 kobolds
  3 rats (D:1)
62 creatures vanquished.

Notes
Turn   | Place    | Note
-------+----------+-------------------------------------------
     0 | D:1      | Alacron the Minotaur Fighter began the quest for the Orb.
     0 | D:1      | Reached XP level 1. HP: 19/19 MP: 0/0
   128 | D:1      | Reached XP level 2. HP: 27/27 MP: 1/1
   175 | D:1      | Found a faded altar of an unknown god.
   186 | D:1      | Found Qeip's Antique Weapon Emporium.
   772 | D:2      | Reached XP level 3. HP: 33/33 MP: 2/2
   806 | D:2      | Noticed Natasha
   811 | D:2      | Killed Natasha
   842 | D:2      | Noticed Robin
   848 | D:2      | Reached XP level 4. HP: 38/40 MP: 3/3
   874 | D:2      | Killed Robin
  1079 | D:2      | Reached skill level 1 in Short Blades
  1324 | D:2      | Noticed Natasha
  1330 | D:2      | Killed Natasha
  1331 | D:2      | Reached XP level 5. HP: 47/47 MP: 4/4
  1598 | D:2      | Noticed Natasha
  1607 | D:2      | Killed Natasha
  1613 | D:2      | Noticed Sigmund
  1637 | D:2      | Killed from afar by Sigmund

Illustrated notes

Levels and vault maps discovered:
D:1:      dpeg_arrival_oval, layout_basic,
          hellmonk_ecumenical_altar_inner_sanctum, serial_shops, shop_fountains
D:2:      layout_loops_ring, serial_co_window_serial, co_window_paths_b,
          co_window_corner_a, co_window_cross_1, co_window_corner_a,
          co_window_paths_b, co_window_unsneaky_path_b, co_window_broadway_a,
          co_window_unsneaky_path_e, co_window_unsneaky_path_e,
          co_window_of_opportunity_c, co_window_sun, glass_columns_a,
          glass_columns_a, glass_columns_a, glass_columns_b, glass_columns_a,
          uniq_robin, uniq_sigmund, uniq_natasha

Skill      XL: |  1  2  3  4 |
---------------+-------------+-----
Shields        | 4 |  4.1
Polearms       | 3 4 |  4.1
Armour         | 4 |  4.9
Fighting       | 4 |  4.8
Short Blades   | 1 |  1.0
Dodging        | |  0.4

Action                   |  1- 3 |  4- 6 || total
-------------------------+-------+-------++-------
Melee: Trident           |    58 |       ||    58
       Headbutt          |     6 |    15 ||    21
       Short sword       |    24 |    81 ||   105
Armor: Scale mail        |    40 |    26 ||    66
Dodge: Dodged            |    32 |    20 ||    52
Block: Buckler           |    11 |     7 ||    18
